 Dungeon Crawl Stone Soup version 0.31-a0-986-g5e6e4ef867 (webtiles) character file.

Game seed: 11477702678460734120

9048 RepHenryClay the Nimble (level 11, -5/54 HPs)
             Began as a Deep Elf Conjurer on Nov 19, 2023.
             Was an Elder of Sif Muna.
             Engulfed by a cloud of freezing vapour (7 damage)
             ... while petrified by a basilisk
             ... on level 10 of the Dungeon.
             The game lasted 00:25:16 (12598 turns).

RepHenryClay the Nimble (Deep Elf Conjurer)        Turns: 12598, Time: 00:25:17

Health: -5/54      AC:  8    Str:  4    XL:     11   Next: 17%
Magic:  15/25      EV:  2    Int: 26    God:    Sif Muna [****..]
Gold:   1060       SH:  0    Dex: 21    Spells: 12/27 levels left

rFire   . . .        a - +2 dagger (venom)
rCold   . . .        (no shield)
rNeg    + + +        k - +0 robe
rPois   ∞            q - +0 helmet
rElec   .            A - +0 cloak
rCorr   .            I - +0 pair of gloves
SInv    .            E - +2 pair of boots {Fly}
Will    +....        (no amulet)
Stlth   +++          j - ring of poison resistance
HPRegen 0.29/turn    r - +6 ring of dexterity
MPRegen 0.19/turn

%: no passive effects
@: petrified, flying, studying Unarmed Combat
A: wild magic 1, MP-powered wands
a: Renounce Religion, Channel Magic, Forget Spell, Divine Exegesis


You were on level 10 of the Dungeon.
You worshipped Sif Muna.
Sif Muna was greatly pleased with you.
You visited 2 branches of the dungeon, and saw 11 of its levels.
You also visited: Bailey.

You collected 1291 gold pieces.
You spent 231 gold pieces at shops.

Inventory:

Hand Weapons
 a - a +2 dagger of venom (weapon)
Armour
 k - a +0 robe (worn)
 q - a +0 helmet (worn)
 A - a +0 cloak (worn)
 E - a +2 pair of boots of flying (worn)
 G - the +5 leather armour "Roceaxiv" {Will+ Regen+ MP-9 Stlth+}
   (You found it on level 9 of the Dungeon)

   Will+:     It increases your willpower.
   MP-9:      It affects your magic capacity (-9).
   Regen+:    It increases your rate of health regeneration.
   Stlth+:    It makes you more stealthy.
 I - a +0 pair of gloves (worn)
Jewellery
 i - a +6 ring of strength
 j - a ring of poison resistance (left hand)
 r - a +6 ring of dexterity (right hand)
 t - an amulet of guardian spirit
 D - the ring "Ohoizo" {Fly rC+ rCorr}
   (You took it off an orc warrior in a bailey)

   [ring of flight]

   rC+:       It protects you from cold.
   Fly:       It grants you flight.
   rCorr:     It protects you from acid and corrosion.
 F - the amulet "Waorump" {Faith Dex+2 SInv}
   (You found it on level 9 of the Dungeon)

   [amulet of faith]

   Faith:     It allows you to gain divine favour quickly.
   Dex+2:     It affects your dexterity (+2).
   SInv:      It lets you see invisible.
Wands
 p - a wand of acid (11)
 v - a wand of flame (1)
 y - a wand of charming (4)
 C - a wand of iceblast (12)
 H - a wand of mindburst (7)
Scrolls
 g - a scroll of amnesia
 l - 3 scrolls of poison
 m - 2 scrolls of noise
 n - a scroll of vulnerability
 w - 2 scrolls of blinking
 x - a scroll of teleportation
 B - a scroll of identify {@r1}
Potions
 b - a potion of magic
 c - a potion of mutation
 d - 2 potions of ambrosia
 e - a potion of haste
 f - a potion of heal wounds
 h - a potion of might
 o - 2 potions of lignification {unknown}
 s - 2 potions of curing
 u - 4 potions of enlightenment
 z - 2 potions of degeneration {unknown}


   Skills:
 - Level 4.0 Short Blades
 - Level 13.4 Dodging
 - Level 5.0 Stealth
 - Level 8.5 Spellcasting
 - Level 10.5 Conjurations
 - Level 5.0 Translocations
 + Level 3.0 Ice Magic
 + Level 2.7 Air Magic


You had 12 spell levels left.
You knew the following spells:

 Your Spells              Type           Power      Damage    Failure   Level
a - Magic Dart            Conj           100%       1d8       1%          1
b - Searing Ray           Conj           100%       2d8       1%          2
c - Iskenderun's Mystic   Conj/Tloc      61%        2d13      4%          4
d - Mephitic Cloud        Conj/Pois/Air  44%        N/A       4%          3
e - Freezing Cloud        Conj/Ice/Air   25%        6-21      22%         5

Your spell library contained the following spells:

 Spells                   Type           Power      Damage    Failure   Level
 Apportation              Tloc           96%        N/A       1%          1
 Shock                    Conj/Air       100%       1d9       1%          1
 Dazzling Flash           Conj/Hex       100%       N/A       3%          3
 Ensorcelled Hibernation  Hex/Ice        48%        N/A       7%          2
 Necrotise                Necr           56%        1d6       9%          1
 Slow                     Hex            56%        N/A       9%          1
 Sting                    Tmut/Pois      56%        1d5       9%          1
 Summon Small Mammal      Summ           56%        N/A       9%          1
 Cigotuvi's Dreadful Rot  Necr/Pois/Air  40%        N/A       9%          2
 Swiftness                Air            33%        N/A       9%          3
 Flame Wave               Conj/Fire      50%        2d12      10%         4
 Fulminant Prism          Conj/Hex       25%        3d14      10%         4
 Call Imp                 Summ           28%        N/A       13%         2
 Passwall                 Tmut/Erth      11%        N/A       13%         2
 Scorch                   Fire           28%        2d6       13%         2
 Sublimation of Blood     Necr           14%        N/A       13%         2
 Confusing Touch          Hex            14%        N/A       22%         3
 Ignite Poison            Fire/Tmut/Pois 14%        N/A       22%         3
 Sigil of Binding         Hex            14%        N/A       22%         3
 Vampiric Draining        Necr           14%        2d7       22%         3
 Airstrike                Air            16%        2d(3-19)  24%         4
 Irradiate                Conj/Tmut      25%        3d20      24%         5
 Animate Dead             Necr           14%        N/A       56%         4
 Petrify                  Tmut/Erth      14%        N/A       56%         4
 Alistair's Intoxication  Tmut/Pois      9%         N/A       88%         5
 Summon Cactus Giant      Summ           7%         N/A       100%        6
 Haunt                    Necr/Summ      7%         N/A       100%        7
 Infestation              Necr           7%         N/A       100%        8
 Chain Lightning          Conj/Air       28%        3d37      100%        9


Dungeon Overview and Level Annotations

Branches:
Dungeon (10/15)            Temple (1/1) D:5            Lair (0/5) D:8
    Orc (0/2) D:10         Bailey (visited)

Altars:
Ashenzari
Cheibriados
Dithmenos
Elyvilon
Fedhas
Gozag
Hepliaklqana
Kikubaaqudgha
Makhleb
Okawaru
Qazlal
Ru
Sif Muna
Trog
Uskayaw
Vehumet
Wu Jian
Xom
Yredelemnul
Zin
The Shining One
Lugonu

Shops:
D:1 (   D:4 :   D:6 ?   D:9 (

Annotations:
D:4 3 exclusions, Eustachio
D:7 2 transporters


Innate Abilities, Weirdness & Mutations

Your spells are a little harder to cast, but a little more powerful.
You expend magic power (3 MP) to strengthen your wands.


Message History

Press: ? - help, Shift-Dir - straight line, f - basilisk
Aim: a basilisk (wandering, hasn't noticed you, 100% to hit)
The magic dart hits the basilisk.
The basilisk is lightly wounded.
The basilisk gazes at you.
You are slowing down.
Casting: Magic Dart (safe; 1% risk of failure)
Confirm with . or Enter, or press ? or * to list all spells.
Aiming: Freezing Cloud (quite dangerous; 24% risk of failure)
Press: ? - help, Dir - move target, p - basilisk You miscast Freezing Cloud.
You are very lightly contaminated with residual magic.
Nothing appears to happen.
The basilisk gazes at you.
You easily resist.
Your limbs are stiffening.
Casting: Freezing Cloud (quite dangerous; 24% risk of failure)
Confirm with . or Enter, or press ? or * to list all spells.
Aiming: Freezing Cloud (quite dangerous; 24% risk of failure)
Press: ? - help, Dir - move target, f - basilisk
Aim: a basilisk (lightly wounded)
You are engulfed in freezing vapours.
The basilisk is engulfed in freezing vapours.
The basilisk seems to slow down.
You have turned to stone.
You are engulfed in freezing vapours.
The basilisk is engulfed in freezing vapours.
The basilisk seems to slow down.
You kill the basilisk!
Sif Muna accepts your kill.
Your Ice Magic skill increases to level 3!
You are engulfed in freezing vapours.
* * * LOW HITPOINT WARNING * * *
You are engulfed in freezing vapours.
* * * LOW HITPOINT WARNING * * *
You are engulfed in freezing vapours.
* * * LOW HITPOINT WARNING * * *
You are engulfed in freezing vapours.
* * * LOW HITPOINT WARNING * * *
Your magical contamination has completely faded away.
You are engulfed in freezing vapours.
You die... ##.
Plll# #.. #.lPl# #[#### P.Pll

.....# $†l # #####+##
.....####.# #.
#......# .>........#
.### #......#
.....##....# .<##
#.....(#
.....#####§§§####§.#
#......# .....#
##§§§○§@.# #......#
.....#
#######.######......#
.....#
#......'......#
<....#
#.######......#
###### #.# #####'##
...# #.# #..# ##.#
#.# #.## #)# #'#
#####'#### ##.####
... #........#


There were no monsters in sight!

Vanquished Creatures
  A two-headed ogre (D:9)
  An orc knight (Bailey)
  2 komodo dragons (D:10)
  2 trolls
  A hornet (D:9)
  Prince Ribbit (D:6)
  A wraith (D:7)
  2 wyverns
  10 yaks
  A basilisk (D:10)
  3 water moccasins
  A sky beast (D:6)
  9 orc warriors
  An ice beast (D:8)
  2 centaurs (D:10)
  A phantom (Temple)
  3 kobold brigands
  A gnoll sergeant (D:6)
  2 bullfrogs
  3 scorpions
  9 wights
  25 killer bees
  2 howler monkeys
  2 orc priests (D:7)
  2 jellies
  A gnoll bouda (D:6)
  A sleepcap (D:4)
  Crazy Yiuf (D:7)
  A hound (D:7)
  4 iguanas
  5 orc wizards
  Terence (D:3)
  Robin (D:3)
  15 gnolls
  12 adders
  2 white imps
  4 ufetubi (D:5)
  3 worms
  6 dart slugs
  37 orcs
  15 ball pythons
  A bat (D:1)
  An endoplasm (D:4)
  6 giant cockroaches
  13 goblins
  11 hobgoblins
  4 jackals (D:2)
  30 kobolds
  4 quokkas
  6 frilled lizards
  8 rats
281 creatures vanquished.

Notes
Turn   | Place    | Note
-------+----------+-------------------------------------------
     0 | D:1      | RepHenryClay the Deep Elf Conjurer began the quest for the
                  | Orb.
     0 | D:1      | Reached XP level 1. HP: 10/10 MP: 6/6
   160 | D:1      | Reached XP level 2. HP: 15/15 MP: 6/8
   212 | D:1      | Learned a level 2 spell: Searing Ray
   229 | D:1      | Reached skill level 5 in Conjurations
   239 | D:1      | Found Saomel's Weapon Shoppe.
   481 | D:1      | Reached XP level 3. HP: 19/19 MP: 1/9
  1305 | D:2      | Reached XP level 4. HP: 24/24 MP: 2/10
  1393 | D:2      | Learned a level 4 spell: Iskenderun's Mystic Blast
  1578 | D:2      | Found an ancient bone altar of Kikubaaqudgha.
  1674 | D:2      | You fall into a shaft and drop 1 floor!
  1903 | D:2      | Reached skill level 3 in Dodging
  2371 | D:3      | Noticed Terence
  2411 | D:3      | Found an ornate altar of the Wu Jian Council.
  2448 | D:3      | Killed Terence
  2449 | D:3      | Reached skill level 1 in Translocations
  2535 | D:3      | Found a shadowy altar of Dithmenos.
  2576 | D:3      | Reached XP level 5. HP: 28/28 MP: 8/11
  2916 | D:3      | Noticed Robin
  2923 | D:3      | Killed Robin
  3545 | D:4      | Reached skill level 4 in Dodging
  3717 | D:4      | Noticed Eustachio
  3980 | D:4      | Reached XP level 6. HP: 16/32 MP: 2/12
  3981 | D:4      | Reached skill level 5 in Dodging
  3988 | D:4      | Gained mutation: You expend magic power (3 MP) to
                  | strengthen your wands. [potion of mutation]
  3988 | D:4      | Gained mutation: Your spells are a little harder to cast,
                  | but a little more powerful. [potion of mutation]
  4239 | D:4      | Found Urchyukoz's Tremendous Tomes.
  4478 | D:4      | Noticed a water moccasin
  4487 | D:4      | Killed a water moccasin
  4488 | D:4      | Reached skill level 1 in Short Blades
  4488 | D:4      | Reached XP level 7. HP: 14/36 MP: 4/13
  4986 | D:5      | Entered Level 5 of the Dungeon
  5050 | D:5      | Found a staircase to the Ecumenical Temple.
  5059 | D:5      | Reached skill level 6 in Dodging
  5074 | Temple   | Entered the Ecumenical Temple
  5204 | Temple   | Became a worshipper of Sif Muna the Loreminder
  5320 | D:5      | Found a white marble altar of Elyvilon.
  5516 | D:5      | Found a blossoming altar of Fedhas.
  5741 | D:5      | Learned a level 3 spell: Mephitic Cloud
  6136 | D:6      | Reached XP level 8. HP: 41/41 MP: 9/14
  6260 | D:6      | Reached skill level 7 in Dodging
  6329 | D:6      | Found Gav Meiph's Magic Scroll Shoppe.
  6338 | D:6      | Bought a scroll of blinking for 105 gold pieces
  6338 | D:6      | Bought a scroll of teleportation for 42 gold pieces
  6338 | D:6      | Bought a scroll of identify for 28 gold pieces
  6338 | D:6      | Bought a scroll of identify for 28 gold pieces
  6338 | D:6      | Bought a scroll of identify for 28 gold pieces
  6384 | D:6      | Reached * piety under Sif Muna
  7391 | D:6      | Noticed Prince Ribbit
  7403 | D:6      | Killed Prince Ribbit
  7404 | D:6      | Reached skill level 8 in Dodging
  7673 | D:7      | Reached skill level 5 in Stealth
  7682 | D:7      | Reached skill level 5 in Translocations
  7802 | D:7      | Reached XP level 9. HP: 20/45 MP: 3/15
  7940 | D:7      | Noticed a cyan ugly thing
  7943 | D:7      | Found a corrupted altar of Lugonu.
  7943 | D:7      | Noticed a white ugly thing
  8052 | D:7      | Found a transporter.
  8078 | D:7      | Found a transporter.
  8079 | D:7      | Noticed a white ugly thing
  8107 | D:7      | Reached skill level 9 in Dodging
  8294 | D:7      | Reached ** piety under Sif Muna
  8609 | D:7      | Reached skill level 10 in Dodging
  8752 | D:7      | Found a runed translucent door.
  8753 | D:7      | Noticed Crazy Yiuf
  9283 | D:7      | Killed Crazy Yiuf
  9395 | D:7      | Reached skill level 5 in Spellcasting
  9597 | D:8      | Found a glowing golden altar of the Shining One.
  9646 | D:8      | Found a staircase to the Lair.
  9944 | D:8      | Reached skill level 11 in Dodging
 10366 | D:9      | Identified the of Xecrinee
 10366 | D:9      | Noticed a troll
 10374 | D:9      | Reached XP level 10. HP: 50/50 MP: 14/21
 10438 | D:9      | Found Alaapel's Antique Weapon Emporium.
 10462 | D:9      | Reached *** piety under Sif Muna
 10468 | D:9      | Found a flagged portal.
 10476 | Bailey   | Entered a bailey
 10532 | Bailey   | Identified the ring "Ohoizo" {Fly rC+ rCorr}
 10691 | Bailey   | Noticed an orc knight
 10697 | Bailey   | Killed an orc knight
 11153 | D:9      | Reached skill level 12 in Dodging
 11218 | D:9      | Noticed a two-headed ogre
 11224 | D:9      | Killed a two-headed ogre
 11225 | D:9      | Reached skill level 10 in Conjurations
 11462 | D:9      | Identified the amulet "Waorump" {Faith Dex+2 SInv}
 11560 | D:9      | Reached **** piety under Sif Muna
 11579 | D:9      | Reached skill level 13 in Dodging
 11728 | D:9      | Identified the +5 leather armour "Roceaxiv" {Will+ Regen+
                  | MP-9 Stlth+}
 11958 | D:10     | Entered Level 10 of the Dungeon
 12072 | D:10     | Found a staircase to the Orcish Mines.
 12274 | D:10     | Reached XP level 11. HP: 54/54 MP: 22/25
 12283 | D:9      | Learned a level 5 spell: Freezing Cloud
 12427 | D:10     | Reached skill level 1 in Ice Magic
 12427 | D:10     | Reached skill level 1 in Air Magic
 12597 | D:10     | HP: 2/54 [cloud of freezing vapour (5)]
 12598 | D:10     | Engulfed by a cloud of freezing vapour

Illustrated notes

Levels and vault maps discovered:
D:1:      dpeg_arrival_fog, layout_loops_ring, serial_shops,
          nicolae_shop_bloodbath_and_beyond, ebering_dispersal_statue_hall,
          grunt_decor_cap, corexii_leaking_fountain
D:2:      layout_basic, basic_altar
D:3:      layout_basic, mainiacjoe_overflow_catwalk_spiral,
          minmay_parallelograms, fountainhead, minmay_cut_off, uniq_terence,
          uniq_robin
D:4:      dreamdust_elfheim, layout_cave_pods, serial_shops,
          nicolae_shop_tiny_real_fake_doors, minivault_25,
          nicolae_shop_i_like_big_books, minmay_manual_mess, uniq_eustachio
D:5:      layout_loops_cross, nicolae_elyvilon_peaceful_grove,
          mainiacjoe_overflow_alcove_4, minmay_temple_entry_large_hall
D:6:      layout_loops_ring, serial_shops, shop, nicolae_grassy_gnolls,
          uniq_prince_ribbit1
D:7:      gammafunk_corrupted_shrine, layout_basic, uniq_crazy_yiuf_cottage
D:8:      layout_loops_ring, lemuel_tele_altar, dpeg_oklobed_lair
D:9:      layout_loops_cross, enter_bailey_2, serial_shops, shop
D:10:     layout_roguey, mainiacjoe_overflow_surrounded_room, orc_david_3,
          serial_shops, shop, minmay_lizard_king
Temple:   nicolae_temple_superstar

Skill      XL: |  1  2  3  4  5  6  7  8  9 10 11 |
---------------+----------------------------------+-----
Conjurations   | 5 6 7 8 9 10 | 10.5
Dodging        | 3 4 5 6 8 11 13 | 13.4
Translocations | 1 2 3 5 |  5.0
Short Blades   | 1 2 3 4 |  4.0
Stealth        | 3 5 |  5.0
Spellcasting   | 6 8 |  8.5
Ice Magic      | 3 |  3.0
Air Magic      | 2 |  2.7

Action                     |  1- 3 |  4- 6 |  7- 9 | 10-12 || total
---------------------------+-------+-------+-------+-------++-------
  Melee: Dagger            |       |     9 |   166 |   160 ||   335
         Punch             |       |       |     2 |     4 ||     6
   Cast: Magic Dart        |    73 |   117 |   175 |    28 ||   393
         Searing Ray       |       |     9 |    24 |     4 ||    37
         Iskenderun's Myst |       |     1 |     5 |     8 ||    14
         Mephitic Cloud    |       |       |     3 |    12 ||    15
         Freezing Cloud    |       |       |       |     3 ||     3
  Evoke: Wand              |       |     3 |    10 |       ||    13
    Use: Scroll            |       |     4 |     5 |       ||     9
         Potion            |       |     2 |     1 |       ||     3
   Stab: Sleeping          |       |       |     4 |     1 ||     5
         Confused          |       |       |     2 |     6 ||     8
         Distracted        |       |       |       |     1 ||     1
 Armour: Robe              |     6 |    27 |    80 |    53 ||   166
  Dodge: Dodged            |     4 |    31 |   194 |   148 ||   377

Table legend: (Time is in decaauts)
 A = Elapsed time spent in this place.
 B = Non-inter-level travel time spent in this place.
 C = Inter-level travel time spent in this place.
 D = Time resting spent in this place.
 E = Time spent auto-exploring this place.
 F = Levels seen in this place.
 G = Mean time per level.
                   A        B        C        D        E       F      G
               +--------+--------+--------+--------+--------+-----+--------+
         Total |  12559 |  12161 |    398 |    957 |   9398 |  12 | 1046.6 |
       Dungeon |  11859 |  11483 |    376 |    870 |   9023 |  10 | 1185.9 |
        Temple |    139 |    117 |     22 |     85 |     10 |   1 |  139.0 |
        Bailey |    560 |    560 |      0 |      2 |    365 |   1 |  560.0 |
               +--------+--------+--------+--------+--------+-----+--------+

Top non-repeatable levels by time:
     D:7: 1866 daAuts
     D:4: 1415 daAuts
     D:6: 1343 daAuts
     D:3: 1250 daAuts
     D:2: 1187 daAuts
     D:1: 1130 daAuts
     D:5: 1115 daAuts
     D:9: 996 daAuts
     D:8: 937 daAuts
    D:10: 616 daAuts
  Bailey: 560 daAuts
  Temple: 139 daAuts
